 Dungeon Crawl Stone Soup version 0.27-a0-1140-g099f9bb0e8 (webtiles) character file.

Game seed: 18260796401961191229

37 polve the Cutter (level 3, 0/29 HPs)
             Began as a Demonspawn Abyssal Knight on May 8, 2021.
             Was a Follower of Lugonu.
             Slain by an orc
             ... wielding a +0 flail
              (4 damage)
             ... on level 2 of the Dungeon.
             The game lasted 00:01:13 (1297 turns).

polve the Cutter (Demonspawn Abyssal Knight)        Turns: 1297, Time: 00:01:14

Health: 0/29       AC:  3    Str: 19    XL:     3   Next: 21%
Magic:  4/4        EV: 16    Int: 13    God:    Lugonu [*.....]
Gold:   170        SH:  0    Dex: 12    Spells: 2/2 levels left

rFire    . . .     SeeInvis .   a - +1 short sword
rCold    . . .     Faith    .   (no shield)
rNeg     . . .     Spirit   .   b - +0 leather armour
rPois    .         Reflect  .   (no helmet)
rElec    .         Harm     .   (no cloak)
rCorr    .         Rampage  .   (no gloves)
Will     .....                  (no boots)
Stlth    +.........             (no amulet)
HPRegen  0.09/turn              g - +6 ring of strength
MPRegen  0.09/turn              (no ring)

@: agile
A: hooves 1, powered by pain 1
a: Renounce Religion, Depart the Abyss


You were on level 2 of the Dungeon.
You worshipped Lugonu.
Lugonu was aware of your devotion.
You visited 1 branch of the dungeon, and saw 2 of its levels.
You visited the Abyss 1 time.

You collected 170 gold pieces.

Inventory:

Hand Weapons
 a - a +1 short sword (weapon)
Armour
 b - a +0 leather armour (worn)
Jewellery
 g - a +6 ring of strength (left hand)
Scrolls
 d - a scroll of noise {unknown}
 e - a scroll of teleportation {unknown}
 f - 2 scrolls of vulnerability {unknown}
Potions
 c - a potion of lignification


   Skills:
 - Level 3.0 Fighting
 + Level 3.3 Short Blades
 - Level 1.7 Armour
 - Level 0.8 Dodging
 - Level 2.4 Invocations


You had 2 spell levels left.
You didn't know any spells.
Your spell library contained the following spells:

 Spells                   Type           Power      Damage    Failure   Level
 Summon Small Mammal      Summ           0%         N/A       36%         1
 Call Imp                 Summ           0%         N/A       50%         2
 Call Canine Familiar     Summ           0%         N/A       73%         3
 Summon Guardian Golem    Hex/Summ       0%         N/A       73%         3
 Summon Ice Beast         Ice/Summ       0%         N/A       98%         4
 Summon Lightning Spire   Summ/Air       0%         N/A       98%         4


Dungeon Overview and Level Annotations

Branches:
Dungeon (2/15)

Altars:

Shops:
D:1 [(*


Innate Abilities, Weirdness & Mutations

You have large cloven feet.
You sometimes gain a little power by taking damage.


Message History

No target in view!
No target in view!
No target in view!
No target in view!
No target in view!
No target in view!
No target in view!
No target in view!
An orc wizard comes into view. It is wielding a +0 dagger.
The orc shouts! x2; The orc wizard shouts!
You hear a shout!
You swing at nothing.
You swing at nothing.
The orc hits you with a +0 falchion.
A hobgoblin comes into view.
You swing at nothing.
You closely miss the orc. The orc hits you with a +0 falchion.
You hit the orc. Your kick misses the orc.
The orc is heavily wounded.
The orc hits you with a +0 mace! The orc hits you with a +0 falchion.
You hit the orc.
You kill the orc!
Lugonu accepts your kill.
You swing at nothing.
You swing at nothing.
The orc wizard closely misses you.
You swing at nothing.
The orc wizard hits you but does no damage.
You swing at nothing.
The orc wizard hits you but does no damage.
You swing at nothing.
You hit the orc wizard.
The orc wizard is moderately wounded.
The orc wizard points at you and mumbles some strange words.
The puff of flame hits you!
* * * LOW HITPOINT WARNING * * *
You focus on the pain.
You feel agile all of a sudden.
You swing at nothing.
You hit the orc.
The orc is lightly wounded.
The orc hits you with a +0 flail.
You die...

#########.#
#ogo@.....#
#o#########
.... #...##
#...# .....
....!.
#......


You could see an orc wizard, 2 orcs and a hobgoblin.

Vanquished Creatures
  An orc (D:2)
  4 ball pythons (D:1)
  3 endoplasms
  A giant cockroach (D:1)
  A hobgoblin (D:1)
  8 jackals (D:1)
  5 kobolds (D:1)
  2 quokkas (D:1)
  2 bats (D:1)
  2 frilled lizards (D:1)
29 creatures vanquished.

Notes
Turn   | Place    | Note
-------+----------+-------------------------------------------
     0 | Abyss:1  | polve the Demonspawn Abyssal Knight began the quest for the
                  | Orb.
     0 | Abyss:1  | Reached XP level 1. HP: 18/18 MP: 2/2
    64 | Abyss:1  | Noticed a neqoxec
    65 | Abyss:1  | Noticed a hellwing
    99 | Abyss:2  | Noticed a large abomination
   103 | Abyss:2  | Noticed a large abomination
   106 | D:1      | Escaped the Abyss
   519 | D:1      | Found Cuak's Weapon Shop.
   564 | D:1      | Gained mutation: You sometimes gain a little power by
                  | taking damage. [demonic ancestry]
   564 | D:1      | Reached XP level 2. HP: 20/24 MP: 3/3
   642 | D:1      | Found Ysat's Antique Armour Shop.
   677 | D:1      | Reached * piety under Lugonu
   705 | D:1      | Found a faded altar of an unknown god.
   976 | D:1      | Gained mutation: You have large cloven feet. [demonic
                  | ancestry]
   976 | D:1      | Reached XP level 3. HP: 29/29 MP: 4/4
  1222 | D:1      | Found Kuuxti's General Store.
  1297 | D:2      | Slain by an orc

Illustrated notes

Levels and vault maps discovered:
D:1:      dpeg_arrival_simpleton_c, layout_rooms, serial_shops, shop, shop,
          shop_coins, hellmonk_ecumenical_altar_dog_temple
D:2:      layout_loops_ring

Skill      XL: |  1  2 |
---------------+-------+-----
Short Blades   | 2 3 |  3.3
Fighting       | |  3.0
Armour         | |  1.7
Dodging        | |  0.8
Invocations    | |  2.4

Action                   || total
-------------------------++-------
Melee: Short sword       ||    93
Invok: Depart the Abyss  ||     1
  Use: Potion            ||     3
Armor: Leather armour    ||    25
       Skin              ||     3
Dodge: Dodged            ||    70

Table legend: (Time is in decaauts)
 A = Elapsed time spent in this place.
 B = Non-inter-level travel time spent in this place.
 C = Inter-level travel time spent in this place.
 D = Time resting spent in this place.
 E = Time spent auto-exploring this place.
 F = Levels seen in this place.
 G = Mean time per level.
                   A        B        C        D        E       F      G
               +--------+--------+--------+--------+--------+-----+--------+
         Total |   1300 |   1288 |     12 |    137 |    914 |   4 |  325.0 |
       Dungeon |   1195 |   1183 |     12 |    137 |    821 |   2 |  597.5 |
         Abyss |    105 |    105 |      0 |      0 |     93 |   2 |   52.5 |
               +--------+--------+--------+--------+--------+-----+--------+

Top non-repeatable levels by time:
     D:1: 1176 daAuts
 Abyss:1: 68 daAuts
 Abyss:2: 37 daAuts
     D:2: 19 daAuts
